 Dungeon Crawl Stone Soup version 0.27.1-15-g792fb953b9 (webtiles) character file.

Game seed: 10602297671337833386

128 spaced the Stinger (level 4, -1/24 HPs)
             Began as a Deep Elf Venom Mage on Nov 21, 2021.
             Slain by an orc (6 damage)
             ... on level 3 of the Dungeon.
             The game lasted 00:20:37 (3147 turns).

spaced the Stinger (Deep Elf Venom Mage)            Turns: 3147, Time: 00:20:38

Health: -1/24      AC:  3    Str:  5    XL:     4   Next: 86%
Magic:  3/12       EV: 13    Int: 21    God:
Gold:   64         SH:  0    Dex: 15    Spells: 2/11 levels left

rFire    x . .     SeeInvis .   h - staff of poison
rCold    + . .     Faith    .   (no shield)
rNeg     . . .     Spirit   .   a - +0 robe
rPois    +         Reflect  .   (no helmet)
rElec    .         Harm     .   c - +0 cloak
rCorr    +         Rampage  .   (no gloves)
Will     .....                  (no boots)
Stlth    ++........             (no amulet)
HPRegen  0.08/turn              f - ring of ice
MPRegen  0.13/turn              j - ring of resist corrosion

@: no status effects
A: no striking features
a: no special abilities


You were on level 3 of the Dungeon.
You visited 1 branch of the dungeon, and saw 3 of its levels.

You collected 64 gold pieces.

Inventory:

Armour
 a - a +0 robe (worn)
 c - a +0 cloak (worn)
Magical Staves
 h - a staff of poison (weapon)
 l - a staff of air
Jewellery
 e - a ring of fire
 f - a ring of ice (left hand)
 j - a ring of resist corrosion (right hand)
Scrolls
 b - 4 scrolls of teleportation {unknown}
 i - a scroll of vulnerability {unknown}
 k - a scroll of identify {unknown}
 m - a scroll of immolation {unknown}
Potions
 d - a potion of lignification {unknown}
 g - a potion of cancellation {unknown}


   Skills:
 + Level 2.8 Dodging
 + Level 2.6 Stealth
 + Level 4.0 Spellcasting
 * Level 0.8 Necromancy
 + Level 2.1 Transmutations
 + Level 1.4 Air Magic
 + Level 4.5 Poison Magic


You had 2 spell levels left.
You knew the following spells:

 Your Spells              Type           Power      Damage    Failure   Level
a - Sting                 Tmut/Pois      100%       1d8       3%          1
b - Poisonous Vapours     Pois/Air       50%        N/A       5%          2
c - Mephitic Cloud        Conj/Pois/Air  19%        N/A       16%         3
d - Animate Skeleton      Necr           14%        N/A       9%          1
e - Blink                 Tloc           N/A        N/A       19%         2

Your spell library contained the following spells:

 Spells                   Type           Power      Damage    Failure   Level
 Pain                     Necr           28%        1d5       9%          1
 Olgreb's Toxic Radiance  Pois           34%        N/A       19%         4
 Vampiric Draining        Necr           3%         2d6       26%         3
 Lesser Beckoning         Tloc           2%         N/A       34%         3
 Animate Dead             Necr           3%         N/A       63%         4
 Manifold Assault         Tloc           4%         N/A       97%         5
 Haunt                    Necr/Summ      3%         N/A       100%        7
 Infestation              Necr           3%         N/A       100%        8


Dungeon Overview and Level Annotations

Branches:
Dungeon (3/15)

Altars:
The Shining One


Message History

The orc hits you with a +2 antimagic mace.
The quokka misses you.
The orc looks more healthy.
The orc closely misses you. The adder closely misses you.
You barely miss the orc.
The orc is severely wounded.
The adder bites you. The orc barely misses you.
The orc hits you with a +0 flail. The quokka barely misses you.
Casting: Poisonous Vapours (safe; 5% risk of failure)
Confirm with . or Enter, or press ? or * to list all spells.
Aiming: Sting (safe; 3% risk of failure)
Press: ? - help, Shift-Dir - straight line, f/p - orc
Aim: an orc, wielding a +0 flail (moderately wounded, 78% to hit)
You feel a surge of power!
The sting hits the orc.
The orc is poisoned.
The orc is severely wounded.
You kill the orc!
The adder misses you. The orc closely misses you. The quokka misses you.
The adder barely misses you.
Casting: Sting (safe; 3% risk of failure)
Confirm with . or Enter, or press ? or * to list all spells.
Aiming: Sting (safe; 3% risk of failure)
Press: ? - help, Shift-Dir - straight line, f - quokka
Aim: a quokka (69% to hit)
You feel a surge of power!
The sting hits the quokka but does no damage.
The quokka is poisoned.
The frilled lizard closely misses you.
The orc hits you with a +2 antimagic mace.
You feel your power leaking away. The quokka misses you.
The adder barely misses you.
Casting: Sting (safe; 3% risk of failure)
Confirm with . or Enter, or press ? or * to list all spells.
Aiming: Sting (safe; 3% risk of failure)
Press: ? - help, Shift-Dir - straight line, f - adder, p - quokka
Aim: an adder (63% to hit)
You feel a surge of power!
The sting misses the adder.
The frilled lizard closely misses you. The adder misses you.
The quokka bites you.
* * * LOW HITPOINT WARNING * * *
The orc hits you with a +2 antimagic mace.
You die...

... ..... ..
....... #.#.#.##
####.#>. .
#....#.#.# #
###....#.#.##..#
#....<.ro.......
#..##...@S.......
#........l)......
#..###.###..#....
## #... ..# ...
#.... .... .
#.... ..#..
#..... ..#..#
##.. ..# .#


You could see an adder, an orc, a quokka (poisoned) and a frilled lizard.

Vanquished Creatures
  Robin (D:2)
  6 adders (D:2)
  A dart slug (D:2)
  2 orcs (D:3)
  5 endoplasms (D:1)
  A giant cockroach (D:1)
  A hobgoblin (D:2)
  4 jackals (D:2)
  7 kobolds
  A quokka (D:1)
  4 ball pythons
  4 bats
  3 frilled lizards (D:1)
  16 goblins
  3 rats
59 creatures vanquished.

Notes
Turn   | Place    | Note
-------+----------+-------------------------------------------
     0 | D:1      | spaced the Deep Elf Venom Mage began the quest for the Orb.
     0 | D:1      | Reached XP level 1. HP: 10/10 MP: 6/6
   423 | D:1      | Reached XP level 2. HP: 15/15 MP: 4/8
   652 | D:1      | Learned a level 2 spell: Poisonous Vapours
  1683 | D:1      | Reached XP level 3. HP: 19/19 MP: 7/10
  1687 | D:1      | Learned a level 3 spell: Mephitic Cloud
  1967 | D:2      | Found a glowing golden altar of the Shining One.
  2029 | D:2      | Learned a level 1 spell: Animate Skeleton
  2292 | D:2      | Reached XP level 4. HP: 12/24 MP: 1/12
  2417 | D:2      | Learned a level 2 spell: Blink
  2675 | D:2      | Noticed Robin
  2699 | D:2      | Killed Robin
  2700 | D:2      | Reached skill level 1 in Air Magic
  3147 | D:3      | Slain by an orc

Illustrated notes

Levels and vault maps discovered:
D:1:      mainiacjoe_arrival_reflecting_pool, layout_basic, columned_hall_lemuel
D:2:      layout_rooms, basic_altar, uniq_robin
D:3:      layout_basic, mainiacjoe_overflow_24_doors,
          mainiacjoe_overflow_six_doors_small, basic_ecumenical_altar,
          gammafunk_ghost_icy, minmay_misc_feat_enclosed, minmay_liquid_box,
          minmay_between, uniq_terence, uniq_grinder

Skill      XL: |  1  2  3  4 |
---------------+-------------+-----
Transmutations | 2 |  2.1
Poison Magic   | 4 |  4.5
Spellcasting   | 4 |  4.0
Air Magic      | 1 |  1.4
Dodging        | |  2.8
Stealth        | |  2.6
Necromancy     | |  0.8

Action                   |  1- 3 |  4- 6 || total
-------------------------+-------+-------++-------
Melee: Unarmed           |    37 |       ||    37
       Staff             |    11 |    16 ||    27
 Cast: Sting             |    53 |    16 ||    69
       Poisonous Vapours |    20 |    18 ||    38
  Use: Potion            |       |     1 ||     1
Armor: Robe              |    19 |    10 ||    29
Dodge: Dodged            |    39 |    38 ||    77
